Wiprows vs Rafales

Created - 23 février 2016 at 19:11

Goals
1 2 3 T
Wiprows 0 1 0 1
Rafales 1 1 3 5
Shots
1 2 3 T
Wiprows 8 10 9 27
Rafales 9 6 21 36

1st period

1. Rafales , Cody McLeod 38 (Marc-André Gragnani) at 8:53

Penalties :
Cody McLeod (Stf) for Hooking (Minor) at 3:36, Arturs Kulda (Win) for Diving (Minor) at 18:45

2nd period

2. Rafales , Milan Bartovic 20 (Mike Zigomanis, Ryan Ellis) at 17:21 (PP)
3. Wiprows , Matt Beleskey 17 (Thomas Hickey, Linden Vey) at 19:19

Penalties :
Cody McLeod (Stf) for Hooking (Minor) at 12:45, Brandon Bollig (Win) for High sticking (Minor) at 17:18

3rd period

4. Rafales , Milan Bartovic 21 (Mike Zigomanis, Cody McLeod) at 1:57 (PP)
5. Rafales , Mike Sislo 18 (Dmitry Kulikov) at 11:00
6. Rafales , Cody McLeod 39 (Mike Zigomanis) at 15:44

Penalties :
Brendon Nash (Win) for Hooking (Minor) at 1:40

Goalie Stats

Anders Lindback (Win), 31 saves from 36 shots - (0,861), L, 14-15-6, 60:00 minutes
Loïc Lacasse (Stf), 26 saves from 27 shots - (0,963), W, 22-13-3, 60:00 minutes

Players Stats for Wiprows

Player Name              G  A  P  +/- PIM S  H  SB GA TA FO     MP     PP MP  PK MP  
------------------------------------------------------------------------------------
Arturs Kulda             0  0  0  -1  2   3  2  2  0  1  0/0    23:04   0:00   0:20 
Brandon Bollig           0  0  0  -1  2   2  1  0  0  0  0/0    12:57   0:00   0:00 
Brendon Nash             0  0  0  -1  2   0  1  2  0  0  0/0    26:26   2:13   1:08 
Cade Fairchild           0  0  0   0  0   0  0  0  0  0  0/0    12:22   0:00   0:00 
Drayson Bowman           0  0  0   0  0   0  0  0  0  0  0/0     0:00   0:00   0:00 
Éric Belanger            0  0  0  -1  0   0  2  0  0  0  10/21  18:11   2:23   1:37 
Eric Tangradi            0  0  0  -1  0   1  1  0  0  0  1/1    15:43   1:35   0:00 
Gord Baldwin             0  0  0   0  0   2  0  2  0  1  0/0    16:19   2:13   1:22 
Jonathan Tremblay        0  0  0  -1  0   3  3  0  0  0  0/1    16:08   1:35   0:25 
Jordan Szwarz            0  0  0   0  0   0  0  0  0  0  0/0     0:00   0:00   0:00 
Justin Shugg             0  0  0   0  0   0  0  0  0  0  0/0     0:00   0:00   0:00 
Kevin Connauton          0  0  0  -1  0   0  0  0  0  0  0/0    20:44   1:45   0:54 
Kris Foucault            0  0  0   0  0   0  0  0  0  0  0/0     0:27   0:00   0:17 
Kristian Huselius        0  0  0  -1  0   3  0  1  1  0  1/1    20:39   2:23   0:42 
Linden Vey               0  1  1   1  0   1  1  0  0  0  0/0     9:02   0:00   0:00 
Matt Beleskey            1  0  1   1  0   2  1  1  0  0  0/1     9:02   0:00   0:00 
Maxime Macenauer         0  0  0  -1  0   2  1  0  0  0  4/7    12:58   0:00   0:00 
Michael Chaput           0  0  0   0  0   0  0  0  0  0  0/0     0:00   0:00   0:00 
Nick Bonino              0  0  0  -1  0   3  1  0  0  1  11/29  19:17   1:35   0:00 
T.J. Oshie               0  0  0  -1  0   3  2  0  1  3  1/1    21:35   2:23   1:37 
Thomas Hickey            0  1  1  -1  0   0  3  1  0  1  0/0    20:44   1:45   0:54 
Tim Conboy               0  0  0  -1  0   2  2  0  0  2  0/1    12:58   0:00   0:00 
Tim Schaller             0  0  0   1  0   0  1  1  0  0  1/1     9:02   0:00   0:00 

Players Stats for Rafales

Player Name              G  A  P  +/- PIM S  H  SB GA TA FO     MP     PP MP  PK MP  
------------------------------------------------------------------------------------
Bruno Gervais            0  0  0   1  0   0  2  0  1  0  0/0    23:55   0:31   2:10 
Cody McLeod              2  1  3   2  4   7  3  0  1  0  0/0    20:05   1:28   0:00 
Dan Fritsche             0  0  0   0  0   2  3  0  0  0  4/6    12:07   0:00   1:34 
Dmitry Kulikov           0  1  1   1  0   1  0  0  1  1  0/0    22:27   1:48   1:48 
Jeff Skinner             0  0  0   0  0   0  0  0  0  0  0/1    11:00   0:00   0:28 
Johan Ryno               0  0  0   1  0   0  0  0  0  0  0/0     8:17   0:00   0:00 
Jonathan Rheault         0  0  0   0  0   0  0  0  0  0  0/0    10:32   0:00   0:00 
Kevin Veilleux           0  0  0   1  0   0  1  0  1  0  0/2     8:17   0:00   0:00 
Marc-André Gragnani      0  1  1   0  0   1  0  0  0  0  0/0    15:27   0:00   1:48 
Matt Gilroy              0  0  0   1  0   0  1  2  1  0  0/0    17:09   0:31   0:00 
Michael Bournival        0  0  0  -1  0   2  5  0  0  0  0/0    16:15   0:00   0:00 
Mike Sislo               1  0  1   1  0   5  0  0  0  0  0/0     9:08   0:51   0:00 
Mike Zigomanis           0  3  3   2  0   0  1  1  0  0  22/40  22:30   1:28   2:24 
Milan Bartovic           2  0  2   2  0   3  0  0  0  1  0/0    22:30   1:28   2:24 
Nathan Davis             0  0  0  -1  0   6  2  0  0  0  7/13   18:13   0:51   1:06 
Ryan Ellis               0  1  1   1  0   3  0  0  4  0  0/0    25:14   1:48   0:00 
Tim Crowder              0  0  0  -1  0   3  3  0  0  0  2/2    17:06   0:51   0:00 
Willie Mitchell          0  0  0   0  0   3  0  1  0  0  0/0    15:48   0:00   2:10 

3 Stars

1 - Cody McLeod (Stf)
2 - Milan Bartovic (Stf)
3 - Mike Zigomanis (Stf)

Power Play

Wiprows - 0 on 2 Attempt(s) - 0,00%
Rafales - 2 on 3 Attempt(s) - 66,67%

Penalty Kill

Wiprows - 1 on 3 Attempt(s) - 33,33% - Score 0 goal in Penalty Kill
Rafales - 2 on 2 Attempt(s) - 100,00% - Score 0 goal in Penalty Kill

Team Stat

Wiprows - Hits : 22 - Faceoff Wins : 29 - Blocked Shots : 10 - Penalty Minutes : 6
Rafales - Hits : 21 - Faceoff Wins : 35 - Blocked Shots : 4 - Penalty Minutes : 4

Official

Referees : Marouelli Dan and Walkom Stephen
Linesman : Mark Pare and Brian Murphy

Game Notes

2:33 of 3rd period - Wiprows goal is going for a video replay. After video review, No Goal. The puck has deflected directly into the net off by an official.

Finance

Level 1 -- Attendance: 1349 (67,45%) -- Ticket Income 47 215 $
Level 2 -- Attendance: 671 (67,10%) -- Ticket Income 10 065 $
Total Attendance: 2020 (67,33%)
Total Ticket Income: 57 280 $
Other Income: 2 864 $
Total Income: 60 144 $

Wiprows

5 vs 5 Forward 
   Center                   Left Wing                Right Wing               Time % Phy DF OF 
 1 Nick Bonino              Kristian Huselius        T.J. Oshie               40     0   2  3  
 2 Éric Belanger            Eric Tangradi            Jonathan Tremblay        30     1   2  2  
 3 Maxime Macenauer         Brandon Bollig           Tim Conboy               20     1   2  2  
 4 Tim Schaller             Matt Beleskey            Linden Vey               10     1   2  2  

5 vs 5 Defense 
   Defense                  Defense                                           Time % Phy DF OF 
 1 Brendon Nash             Arturs Kulda                                      40     1   2  2  
 2 Thomas Hickey            Kevin Connauton                                   30     1   2  2  
 3 Gord Baldwin             Cade Fairchild                                    20     1   2  2  
 4 Arturs Kulda             Brendon Nash                                      10     1   2  2  

PowerPlay Forward 
   Center                   Left Wing                Right Wing               Time % Phy DF OF 
 1 Éric Belanger            Kristian Huselius        T.J. Oshie               60     1   2  2  
 2 Nick Bonino              Eric Tangradi            Jonathan Tremblay        40     1   2  2  

PowerPlay Defense
   Defense                  Defense                                           Time % Phy DF OF 
 1 Brendon Nash             Gord Baldwin                                      60     1   2  2  
 2 Thomas Hickey            Kevin Connauton                                   40     1   2  2  

Penalty Kill 4 Players Forward 
   Center                   Wing                     Time % Phy DF OF 
 1 Éric Belanger            T.J. Oshie               60     1   2  2  
 2 Kristian Huselius        Jonathan Tremblay        40     1   2  2  

Penalty Kill 4 Players Defense
   Defense                  Defense                  Time % Phy DF OF 
 1 Brendon Nash             Arturs Kulda             60     1   2  2  
 2 Thomas Hickey            Kevin Connauton          40     1   2  2  

Penalty Kill - 3 Players Forward 
   Forward                                           Time % Phy DF OF 
 1 Éric Belanger                                     60     1   2  2  
 2 T.J. Oshie                                        40     1   2  2  

Penalty Kill - 3 Players Defense
   Defense                  Defense                  Time % Phy DF OF 
 1 Brendon Nash             Arturs Kulda             60     1   2  2  
 2 Thomas Hickey            Kevin Connauton          40     1   2  2  

4 vs 4 Forward 
   Center                   Wing                     Time % Phy DF OF 
 1 Éric Belanger            T.J. Oshie               60     1   2  2  
 2 Kristian Huselius        Jonathan Tremblay        40     1   2  2  

4 vs 4 Defense
   Defense                  Defense                  Time % Phy DF OF 
 1 Brendon Nash             Gord Baldwin             60     1   2  2  
 2 Thomas Hickey            Kevin Connauton          40     1   2  2  

Last Minutes Offensive
   Center                   Left Wing                Right Wing               Defense                  Defense                  
   Éric Belanger            Kristian Huselius        T.J. Oshie               Brendon Nash             Arturs Kulda             

Last Minutes Defensive
   Center                   Left Wing                Right Wing               Defense                  Defense                  
   Éric Belanger            Kristian Huselius        T.J. Oshie               Brendon Nash             Arturs Kulda             

Goaltenders
Starting : Anders Lindback          
Backup : Calvin Pickard           

Extra Forwards
Normal : Drayson Bowman, Jordan Szwarz, Kris Foucault - PP : Drayson Bowman, Jordan Szwarz - PK : Kris Foucault
Extra Defensemen
Normal : Brendon Nash, Arturs Kulda, Thomas Hickey - PP : Kevin Connauton - PK : Arturs Kulda, Brendon Nash
Penalty Shots
Éric Belanger, T.J. Oshie, Kristian Huselius, Jonathan Tremblay, Tim Conboy

Rafales

5 vs 5 Forward 
   Center                   Left Wing                Right Wing               Time % Phy DF OF 
 1 Mike Zigomanis           Cody McLeod              Milan Bartovic           40     0   2  3  
 2 Nathan Davis             Michael Bournival        Tim Crowder              30     0   1  4  
 3 Dan Fritsche             Jeff Skinner             Jonathan Rheault         20     0   2  3  
 4 Kevin Veilleux           Mike Sislo               Johan Ryno               10     0   2  3  

5 vs 5 Defense 
   Defense                  Defense                                           Time % Phy DF OF 
 1 Ryan Ellis               Bruno Gervais                                     40     0   2  3  
 2 Dmitry Kulikov           Matt Gilroy                                       30     0   2  3  
 3 Willie Mitchell          Marc-André Gragnani                               20     0   3  2  
 4 Dmitry Kulikov           Ryan Ellis                                        10     0   3  2  

PowerPlay Forward 
   Center                   Left Wing                Right Wing               Time % Phy DF OF 
 1 Mike Zigomanis           Cody McLeod              Milan Bartovic           60     0   0  5  
 2 Nathan Davis             Mike Sislo               Tim Crowder              40     0   0  5  

PowerPlay Defense
   Defense                  Defense                                           Time % Phy DF OF 
 1 Ryan Ellis               Dmitry Kulikov                                    60     0   2  3  
 2 Bruno Gervais            Matt Gilroy                                       40     0   2  3  

Penalty Kill 4 Players Forward 
   Center                   Wing                     Time % Phy DF OF 
 1 Mike Zigomanis           Milan Bartovic           60     0   3  2  
 2 Cody McLeod              Nathan Davis             40     0   3  2  

Penalty Kill 4 Players Defense
   Defense                  Defense                  Time % Phy DF OF 
 1 Willie Mitchell          Bruno Gervais            60     0   4  1  
 2 Dmitry Kulikov           Marc-André Gragnani      40     0   4  1  

Penalty Kill - 3 Players Forward 
   Forward                                           Time % Phy DF OF 
 1 Mike Zigomanis                                    60     0   5  0  
 2 Milan Bartovic                                    40     0   5  0  

Penalty Kill - 3 Players Defense
   Defense                  Defense                  Time % Phy DF OF 
 1 Willie Mitchell          Bruno Gervais            60     0   5  0  
 2 Dmitry Kulikov           Marc-André Gragnani      40     0   5  0  

4 vs 4 Forward 
   Center                   Wing                     Time % Phy DF OF 
 1 Mike Zigomanis           Milan Bartovic           60     0   1  4  
 2 Cody McLeod              Nathan Davis             40     0   2  3  

4 vs 4 Defense
   Defense                  Defense                  Time % Phy DF OF 
 1 Ryan Ellis               Dmitry Kulikov           60     0   3  2  
 2 Bruno Gervais            Matt Gilroy              40     0   3  2  

Last Minutes Offensive
   Center                   Left Wing                Right Wing               Defense                  Defense                  
   Mike Zigomanis           Cody McLeod              Milan Bartovic           Ryan Ellis               Dmitry Kulikov           

Last Minutes Defensive
   Center                   Left Wing                Right Wing               Defense                  Defense                  
   Mike Zigomanis           Cody McLeod              Milan Bartovic           Willie Mitchell          Bruno Gervais            

Goaltenders
Starting : Loïc Lacasse             
Backup : Eddie Lack               

Extra Forwards
Normal : Cody McLeod, Mike Zigomanis, Michael Bournival - PP : Cody McLeod, Mike Zigomanis - PK : Milan Bartovic
Extra Defensemen
Normal : Ryan Ellis, Dmitry Kulikov, Bruno Gervais - PP : Ryan Ellis - PK : Dmitry Kulikov, Willie Mitchell
Penalty Shots
Mike Zigomanis, Milan Bartovic, Cody McLeod, Nathan Davis, Mike Sislo

% Time on Ice - Wiprows

Lines # - Real PCT - Wanted PCT - Time Play
Normal Forward
1 - 33% - 40% - 17:35
2 - 26% - 30% - 14:08
3 - 24% - 20% - 12:58
4 - 17% - 10% - 9:02
Normal Defense
1 - 38% - 40% - 20:14
2 - 34% - 30% - 18:05
3 - 23% - 20% - 12:22
4 - 6% - 10% - 3:02
PP Forward
1 - 60% - 60% - 2:23
2 - 40% - 40% - 1:35
PP Defense
1 - 56% - 60% - 2:13
2 - 44% - 40% - 1:45
PK Forward
1 - 82% - 60% - 1:54
2 - 18% - 40% - 0:25
PK Defense
1 - 61% - 60% - 1:25
2 - 39% - 40% - 0:54
PK3 Forward
1 - 0% - 60%
2 - 0% - 40%
PK3 Defense
1 - 0% - 60%
2 - 0% - 40%
44 Forward
1 - 0% - 60%
2 - 0% - 40%
44 Defense
1 - 0% - 60%
2 - 0% - 40%
Last Minute Offensive  - 0:00
Last Minute Defensive  - 0:00
Total
Forward - 60:00
Defense - 60:00

% Time on Ice - Rafales

Lines # - Real PCT - Wanted PCT - Time Play
Normal Forward
1 - 35% - 40% - 18:38
2 - 30% - 30% - 16:16
3 - 20% - 20% - 10:32
4 - 15% - 10% - 8:17
Normal Defense
1 - 39% - 40% - 20:55
2 - 31% - 30% - 16:39
3 - 25% - 20% - 13:38
4 - 5% - 10% - 2:31
PP Forward
1 - 63% - 60% - 1:28
2 - 37% - 40% - 0:51
PP Defense
1 - 78% - 60% - 1:48
2 - 22% - 40% - 0:31
PK Forward
1 - 72% - 60% - 2:52
2 - 28% - 40% - 1:06
PK Defense
1 - 55% - 60% - 2:10
2 - 45% - 40% - 1:48
PK3 Forward
1 - 0% - 60%
2 - 0% - 40%
PK3 Defense
1 - 0% - 60%
2 - 0% - 40%
44 Forward
1 - 0% - 60%
2 - 0% - 40%
44 Defense
1 - 0% - 60%
2 - 0% - 40%
Last Minute Offensive  - 0:00
Last Minute Defensive  - 0:00
Total
Forward - 60:00
Defense - 60:00

Play by Play

1st period


0:01 of 1st period - Nick Bonino wins face-off versus Mike Zigomanis in neutral zone.
0:04 of 1st period - Snap shot by T.J. Oshie.
0:04 of 1st period - Shot Misses the Net.
0:26 of 1st period - Tim Crowder is hit by Jonathan Tremblay and loses puck.
1:58 of 1st period - Snap shot by Kristian Huselius.
1:58 of 1st period - Shot Misses the Net.
2:00 of 1st period - Snap shot by Nick Bonino.
2:00 of 1st period - Shot Misses the Net.
2:58 of 1st period - Brendon Nash is hit by Cody McLeod and loses puck.
3:17 of 1st period - Wrist shot by Tim Conboy.
3:17 of 1st period - Deflect By Brandon Bollig.
3:17 of 1st period - Stopped by Loïc Lacasse without a rebound.
3:18 of 1st period - Maxime Macenauer wins face-off versus Mike Zigomanis in Rafales zone.
3:36 of 1st period - Minor Penalty to Cody McLeod for Hooking.
3:37 of 1st period - Mike Zigomanis wins face-off versus Éric Belanger in Rafales zone.
4:20 of 1st period - Slapshot by Kevin Connauton.
4:20 of 1st period - Deflect By Eric Tangradi.
4:20 of 1st period - Shot Misses the Net.
4:20 of 1st period - Puck is out of play.
4:21 of 1st period - Dan Fritsche wins face-off versus Nick Bonino in Rafales zone.
4:53 of 1st period - Snap shot by T.J. Oshie.
4:53 of 1st period - Shot Misses the Net.
5:35 of 1st period - Icing by T.J. Oshie.
5:36 of 1st period - Penalty to Cody McLeod is over, Cody McLeod is back on ice.
5:36 of 1st period - Éric Belanger wins face-off versus Kevin Veilleux in Wiprows zone.
5:49 of 1st period - Brandon Bollig is hit by Nathan Davis.
6:28 of 1st period - Wrist shot by Nick Bonino.
6:28 of 1st period - Stopped by Loïc Lacasse without a rebound.
6:29 of 1st period - Mike Zigomanis wins face-off versus Nick Bonino in Rafales zone.
6:40 of 1st period - Wrist shot by T.J. Oshie.
6:40 of 1st period - Stopped by Loïc Lacasse with a rebound.
6:44 of 1st period - Snap shot by Kristian Huselius.
6:44 of 1st period - Stopped by Loïc Lacasse without a rebound.
6:45 of 1st period - Éric Belanger wins face-off versus Nathan Davis in Rafales zone.
6:46 of 1st period - Snap shot by Eric Tangradi.
6:46 of 1st period - Shot Misses the Net.
6:48 of 1st period - Wrist shot by Arturs Kulda.
6:48 of 1st period - Stopped by Loïc Lacasse with a rebound.
6:50 of 1st period - Wrist shot by Eric Tangradi.
6:50 of 1st period - Stopped by Loïc Lacasse without a rebound.
6:51 of 1st period - Nathan Davis wins face-off versus Éric Belanger in Rafales zone.
8:37 of 1st period - Icing by Éric Belanger.
8:38 of 1st period - Éric Belanger wins face-off versus Mike Zigomanis in Wiprows zone.
8:53 of 1st period - Slapshot by Cody McLeod.
8:53 of 1st period - Goal by Cody McLeod - Wiprows : 0 - Rafales : 1.
8:54 of 1st period - Mike Zigomanis wins face-off versus Nick Bonino in neutral zone.
9:09 of 1st period - Snap shot by Milan Bartovic.
9:09 of 1st period - Shot Misses the Net.
9:21 of 1st period - Wrist shot by Tim Crowder.
9:21 of 1st period - Stopped by Anders Lindback with a rebound.
9:23 of 1st period - Snap shot by Willie Mitchell.
9:23 of 1st period - Shot Blocked by Kristian Huselius.
9:25 of 1st period - Snap shot by Willie Mitchell.
9:25 of 1st period - Deflect By Nathan Davis.
9:25 of 1st period - Stopped by Anders Lindback without a rebound.
9:26 of 1st period - Éric Belanger wins face-off versus Nathan Davis in Wiprows zone.
9:26 of 1st period - Éric Belanger is hit by Michael Bournival.
10:31 of 1st period - Snap shot by Dan Fritsche.
10:31 of 1st period - Stopped by Anders Lindback with a rebound.
10:33 of 1st period - Slapshot by Willie Mitchell.
10:33 of 1st period - Stopped by Anders Lindback without a rebound.
10:34 of 1st period - Éric Belanger wins face-off versus Mike Zigomanis in Wiprows zone.
11:04 of 1st period - Dmitry Kulikov is hit by Thomas Hickey and loses puck.
11:21 of 1st period - Slapshot by Ryan Ellis.
11:21 of 1st period - Deflect By Nathan Davis.
11:21 of 1st period - Stopped by Anders Lindback with a rebound.
11:23 of 1st period - Snap shot by Dmitry Kulikov.
11:23 of 1st period - Shot Blocked by Thomas Hickey.
11:25 of 1st period - Wrist shot by Michael Bournival.
11:25 of 1st period - Stopped by Anders Lindback without a rebound.
11:26 of 1st period - Nathan Davis wins face-off versus Jonathan Tremblay in Wiprows zone.
11:52 of 1st period - Willie Mitchell is hit by Tim Conboy and loses puck.
12:08 of 1st period - Icing by Cade Fairchild.
12:09 of 1st period - Maxime Macenauer wins face-off versus Mike Zigomanis in Wiprows zone.
12:09 of 1st period - Maxime Macenauer is hit by Mike Zigomanis.
13:38 of 1st period - Willie Mitchell is hit by T.J. Oshie.
13:46 of 1st period - Snap shot by Kristian Huselius.
13:46 of 1st period - Shot Misses the Net.
13:56 of 1st period - Brendon Nash is hit by Michael Bournival and loses puck.
14:41 of 1st period - Snap shot by Kristian Huselius.
14:41 of 1st period - Shot Misses the Net.
14:43 of 1st period - Wrist shot by Nick Bonino.
14:43 of 1st period - Stopped by Loïc Lacasse with a rebound.
14:45 of 1st period - Slapshot by Arturs Kulda.
14:45 of 1st period - Stopped by Loïc Lacasse without a rebound.
14:46 of 1st period - Dan Fritsche wins face-off versus Nick Bonino in Rafales zone.
15:57 of 1st period - Dmitry Kulikov is hit by Brandon Bollig and loses puck.
17:11 of 1st period - Wrist shot by Mike Sislo.
17:11 of 1st period - Stopped by Anders Lindback without a rebound.
17:12 of 1st period - Nick Bonino wins face-off versus Mike Zigomanis in Wiprows zone.
17:26 of 1st period - Off-side.
17:27 of 1st period - Dan Fritsche wins face-off versus Éric Belanger in neutral zone.
17:30 of 1st period - Éric Belanger is hit by Dan Fritsche.
18:11 of 1st period - Wrist shot by Tim Crowder.
18:11 of 1st period - Stopped by Anders Lindback without a rebound.
18:12 of 1st period - Nathan Davis wins face-off versus Tim Conboy in Wiprows zone.
18:22 of 1st period - Slapshot by Arturs Kulda.
18:22 of 1st period - Deflect By Tim Conboy.
18:22 of 1st period - Shot Misses the Net.
18:22 of 1st period - Puck is out of play.
18:23 of 1st period - Mike Zigomanis wins face-off versus Nick Bonino in Rafales zone.
18:23 of 1st period - Mike Zigomanis is hit by Brendon Nash.
18:45 of 1st period - Minor Penalty to Arturs Kulda for Diving.
18:46 of 1st period - Éric Belanger wins face-off versus Mike Zigomanis in Wiprows zone.
18:46 of 1st period - Éric Belanger is hit by Cody McLeod.
Goals for this period are 0 for Wiprows vs 1 for Rafales.
Shots for this period are 8 for Wiprows vs 9 for Rafales.

2nd period


0:01 of 2nd period - Éric Belanger wins face-off versus Mike Zigomanis in neutral zone.
0:04 of 2nd period - Cody McLeod is hit by Éric Belanger and loses puck.
0:45 of 2nd period - Penalty to Arturs Kulda is over, Arturs Kulda is back on ice.
1:38 of 2nd period - Arturs Kulda is hit by Michael Bournival and loses puck.
1:57 of 2nd period - Wrist shot by Éric Belanger.
1:57 of 2nd period - Deflect By Eric Tangradi.
1:57 of 2nd period - Shot Blocked by Mike Zigomanis.
1:57 of 2nd period - Puck is out of play.
1:58 of 2nd period - Éric Belanger wins face-off versus Mike Zigomanis in Rafales zone.
2:25 of 2nd period - Mike Zigomanis is hit by Thomas Hickey and loses puck.
2:46 of 2nd period - Snap shot by Brandon Bollig.
2:46 of 2nd period - Stopped by Loïc Lacasse with a rebound.
2:48 of 2nd period - Snap shot by Tim Conboy.
2:48 of 2nd period - Shot Blocked by Matt Gilroy.
3:03 of 2nd period - Snap shot by Linden Vey.
3:03 of 2nd period - Stopped by Loïc Lacasse with a rebound.
3:43 of 2nd period - Snap shot by Nick Bonino.
3:43 of 2nd period - Shot Misses the Net.
3:59 of 2nd period - Snap shot by Tim Conboy.
3:59 of 2nd period - Shot Misses the Net.
5:08 of 2nd period - Off-side.
5:09 of 2nd period - Nick Bonino wins face-off versus Nathan Davis in neutral zone.
5:31 of 2nd period - Slapshot by T.J. Oshie.
5:31 of 2nd period - Stopped by Loïc Lacasse with a rebound.
5:53 of 2nd period - Matt Gilroy is hit by Jonathan Tremblay and loses puck.
6:35 of 2nd period - Nathan Davis is hit by Matt Beleskey and loses puck.
6:57 of 2nd period - Willie Mitchell is hit by Jonathan Tremblay and loses puck.
7:31 of 2nd period - Icing by Mike Zigomanis.
7:32 of 2nd period - Nick Bonino wins face-off versus Mike Zigomanis in Rafales zone.
7:39 of 2nd period - Milan Bartovic is hit by Nick Bonino and loses puck.
7:58 of 2nd period - Willie Mitchell is hit by Eric Tangradi and loses puck.
8:07 of 2nd period - Gord Baldwin is hit by Michael Bournival and loses puck.
8:18 of 2nd period - Jonathan Rheault is hit by Maxime Macenauer and loses puck.
8:51 of 2nd period - Off-side.
8:52 of 2nd period - Nick Bonino wins face-off versus Nathan Davis in neutral zone.
8:55 of 2nd period - Snap shot by Kristian Huselius.
8:55 of 2nd period - Stopped by Loïc Lacasse without a rebound.
8:56 of 2nd period - Nathan Davis wins face-off versus Nick Bonino in Rafales zone.
9:25 of 2nd period - Wrist shot by Eric Tangradi.
9:25 of 2nd period - Shot Blocked by Matt Gilroy.
9:27 of 2nd period - Snap shot by Jonathan Tremblay.
9:27 of 2nd period - Stopped by Loïc Lacasse without a rebound.
9:28 of 2nd period - Mike Zigomanis wins face-off versus Éric Belanger in Rafales zone.
9:41 of 2nd period - Wrist shot by Mike Zigomanis.
9:41 of 2nd period - Shot Misses the Net.
9:53 of 2nd period - Nick Bonino is hit by Michael Bournival and loses puck.
10:50 of 2nd period - Wrist shot by Mike Sislo.
10:50 of 2nd period - Stopped by Anders Lindback with a rebound.
11:13 of 2nd period - Cade Fairchild is hit by Cody McLeod.
12:23 of 2nd period - Slapshot by Nick Bonino.
12:23 of 2nd period - Stopped by Loïc Lacasse without a rebound.
12:24 of 2nd period - Mike Zigomanis wins face-off versus Nick Bonino in Rafales zone.
12:45 of 2nd period - Minor Penalty to Cody McLeod for Hooking.
12:46 of 2nd period - Kristian Huselius wins face-off versus Mike Zigomanis in Rafales zone.
13:48 of 2nd period - Slapshot by Marc-André Gragnani.
13:48 of 2nd period - Stopped by Anders Lindback without a rebound.
13:49 of 2nd period - Eric Tangradi wins face-off versus Dan Fritsche in Wiprows zone.
13:56 of 2nd period - Snap shot by Jonathan Tremblay.
13:56 of 2nd period - Stopped by Loïc Lacasse with a rebound.
14:08 of 2nd period - Slapshot by Kristian Huselius.
14:08 of 2nd period - Shot Misses the Net.
14:10 of 2nd period - Slapshot by Gord Baldwin.
14:10 of 2nd period - Deflect By Dmitry Kulikov.
14:10 of 2nd period - Stopped by Loïc Lacasse without a rebound.
14:11 of 2nd period - Mike Zigomanis wins face-off versus Éric Belanger in Rafales zone.
14:18 of 2nd period - Backhand shot by Willie Mitchell.
14:18 of 2nd period - Shot Blocked by Gord Baldwin.
14:45 of 2nd period - Penalty to Cody McLeod is over, Cody McLeod is back on ice.
15:32 of 2nd period - Matt Beleskey is hit by Dan Fritsche and loses puck.
15:37 of 2nd period - Slapshot by Ryan Ellis.
15:37 of 2nd period - Shot Misses the Net.
16:05 of 2nd period - Thomas Hickey is hit by Kevin Veilleux and loses puck.
16:22 of 2nd period - Jonathan Tremblay is hit by Tim Crowder and loses puck.
16:52 of 2nd period - Off-side.
16:53 of 2nd period - Nick Bonino wins face-off versus Mike Zigomanis in neutral zone.
17:15 of 2nd period - Icing by Dmitry Kulikov.
17:16 of 2nd period - Maxime Macenauer wins face-off versus Nathan Davis in Rafales zone.
17:18 of 2nd period - Minor Penalty to Brandon Bollig for High sticking.
17:19 of 2nd period - Mike Zigomanis wins face-off versus Éric Belanger in Wiprows zone.
17:19 of 2nd period - Slapshot by Ryan Ellis.
17:19 of 2nd period - Shot Blocked by Brendon Nash.
17:21 of 2nd period - Wrist shot by Mike Zigomanis.
17:21 of 2nd period - Deflect By Milan Bartovic.
17:21 of 2nd period - Goal by Milan Bartovic - Wiprows : 0 - Rafales : 2.
17:22 of 2nd period - Nick Bonino wins face-off versus Mike Zigomanis in neutral zone.
17:49 of 2nd period - Arturs Kulda is hit by Bruno Gervais and loses puck.
18:33 of 2nd period - Slapshot by Dmitry Kulikov.
18:33 of 2nd period - Shot Blocked by Tim Schaller.
18:35 of 2nd period - Slapshot by Mike Sislo.
18:35 of 2nd period - Stopped by Anders Lindback with a rebound.
18:51 of 2nd period - Snap shot by Nathan Davis.
18:51 of 2nd period - Stopped by Anders Lindback with a rebound.
19:07 of 2nd period - Snap shot by Linden Vey.
19:07 of 2nd period - Shot Misses the Net.
19:09 of 2nd period - Snap shot by Thomas Hickey.
19:09 of 2nd period - Shot Misses the Net.
19:19 of 2nd period - Snap shot by Thomas Hickey.
19:19 of 2nd period - Deflect By Matt Beleskey.
19:19 of 2nd period - Goal by Matt Beleskey - Wiprows : 1 - Rafales : 2.
19:20 of 2nd period - Nick Bonino wins face-off versus Mike Zigomanis in neutral zone.
19:35 of 2nd period - Slapshot by T.J. Oshie.
19:35 of 2nd period - Stopped by Loïc Lacasse without a rebound.
19:36 of 2nd period - Nathan Davis wins face-off versus Éric Belanger in Rafales zone.
19:45 of 2nd period - Snap shot by Michael Bournival.
19:45 of 2nd period - Shot Misses the Net.
19:47 of 2nd period - Snap shot by Nathan Davis.
19:47 of 2nd period - Shot Misses the Net.
19:49 of 2nd period - Wrist shot by Michael Bournival.
19:49 of 2nd period - Shot Misses the Net.
19:51 of 2nd period - Wrist shot by Tim Crowder.
19:51 of 2nd period - Stopped by Anders Lindback without a rebound.
19:52 of 2nd period - Nick Bonino wins face-off versus Mike Zigomanis in Wiprows zone.
Goals for this period are 1 for Wiprows vs 1 for Rafales.
Shots for this period are 10 for Wiprows vs 6 for Rafales.

3rd period


0:01 of 3rd period - Mike Zigomanis wins face-off versus Nick Bonino in neutral zone.
0:04 of 3rd period - Backhand shot by Ryan Ellis.
0:04 of 3rd period - Deflect By Cody McLeod.
0:04 of 3rd period - Stopped by Anders Lindback with a rebound.
0:06 of 3rd period - Slapshot by Ryan Ellis.
0:06 of 3rd period - Deflect By Mike Zigomanis.
0:06 of 3rd period - Shot Misses the Net.
0:06 of 3rd period - Puck is out of play.
0:07 of 3rd period - Mike Zigomanis wins face-off versus Nick Bonino in Wiprows zone.
0:08 of 3rd period - Snap shot by Milan Bartovic.
0:08 of 3rd period - Shot Blocked by Brendon Nash.
0:10 of 3rd period - Wrist shot by Cody McLeod.
0:10 of 3rd period - Stopped by Anders Lindback without a rebound.
0:11 of 3rd period - Mike Zigomanis wins face-off versus Nick Bonino in Wiprows zone.
0:16 of 3rd period - Backhand shot by Cody McLeod.
0:16 of 3rd period - Shot Misses the Net.
0:18 of 3rd period - Snap shot by Cody McLeod.
0:18 of 3rd period - Stopped by Anders Lindback without a rebound.
0:19 of 3rd period - Mike Zigomanis wins face-off versus Nick Bonino in Wiprows zone.
0:20 of 3rd period - Slapshot by Ryan Ellis.
0:20 of 3rd period - Shot Misses the Net.
0:24 of 3rd period - Backhand shot by Milan Bartovic.
0:24 of 3rd period - Stopped by Anders Lindback with a rebound.
0:26 of 3rd period - Snap shot by Ryan Ellis.
0:26 of 3rd period - Stopped by Anders Lindback without a rebound.
0:27 of 3rd period - Nick Bonino wins face-off versus Mike Zigomanis in Wiprows zone.
0:32 of 3rd period - Wrist shot by Arturs Kulda.
0:32 of 3rd period - Stopped by Loïc Lacasse with a rebound.
1:20 of 3rd period - Icing by Mike Zigomanis.
1:21 of 3rd period - Nathan Davis wins face-off versus Éric Belanger in Rafales zone.
1:32 of 3rd period - Slapshot by Nathan Davis.
1:32 of 3rd period - Shot Blocked by Arturs Kulda.
1:34 of 3rd period - Wrist shot by Nathan Davis.
1:34 of 3rd period - Shot Misses the Net.
1:36 of 3rd period - Slapshot by Michael Bournival.
1:36 of 3rd period - Stopped by Anders Lindback without a rebound.
1:37 of 3rd period - Nick Bonino wins face-off versus Jeff Skinner in Wiprows zone.
1:37 of 3rd period - Nick Bonino is hit by Dan Fritsche.
1:40 of 3rd period - Minor Penalty to Brendon Nash for Hooking.
1:41 of 3rd period - Mike Zigomanis wins face-off versus Éric Belanger in Wiprows zone.
1:57 of 3rd period - Wrist shot by Milan Bartovic.
1:57 of 3rd period - Goal by Milan Bartovic - Wiprows : 1 - Rafales : 3.
1:58 of 3rd period - Mike Zigomanis wins face-off versus Nick Bonino in neutral zone.
2:11 of 3rd period - Wrist shot by T.J. Oshie.
2:11 of 3rd period - Shot Misses the Net.
2:27 of 3rd period - Snap shot by Tim Conboy.
2:27 of 3rd period - Stopped by Loïc Lacasse with a rebound.
2:29 of 3rd period - Snap shot by Brandon Bollig.
2:29 of 3rd period - Shot Misses the Net.
2:31 of 3rd period - Snap shot by Maxime Macenauer.
2:31 of 3rd period - Shot Misses the Net.
2:33 of 3rd period - Snap shot by Maxime Macenauer.
2:33 of 3rd period - Wiprows goal is going for a video replay.
2:33 of 3rd period - The goal is refused. The puck has deflected directly into the net off by an official..
2:34 of 3rd period - T.J. Oshie wins face-off versus Nathan Davis in Rafales zone.
2:45 of 3rd period - Wrist shot by Nick Bonino.
2:45 of 3rd period - Shot Misses the Net.
3:46 of 3rd period - Slapshot by Tim Crowder.
3:46 of 3rd period - Shot Misses the Net.
4:06 of 3rd period - Wrist shot by Tim Conboy.
4:06 of 3rd period - Deflect By Maxime Macenauer.
4:06 of 3rd period - Stopped by Loïc Lacasse without a rebound.
4:07 of 3rd period - Mike Zigomanis wins face-off versus Nick Bonino in Rafales zone.
4:57 of 3rd period - Dmitry Kulikov is hit by Tim Schaller and loses puck.
5:17 of 3rd period - Johan Ryno is hit by T.J. Oshie and loses puck.
5:42 of 3rd period - Cody McLeod is hit by Linden Vey and loses puck.
6:55 of 3rd period - Tim Conboy is hit by Bruno Gervais and loses puck.
7:47 of 3rd period - Slapshot by Matt Beleskey.
7:47 of 3rd period - Stopped by Loïc Lacasse with a rebound.
8:04 of 3rd period - Icing by Bruno Gervais.
8:05 of 3rd period - Mike Zigomanis wins face-off versus Maxime Macenauer in Rafales zone.
8:05 of 3rd period - Mike Zigomanis is hit by Arturs Kulda.
8:12 of 3rd period - Ryan Ellis is hit by Arturs Kulda and loses puck.
8:19 of 3rd period - Slapshot by Ryan Ellis.
8:19 of 3rd period - Shot Blocked by Arturs Kulda.
8:50 of 3rd period - Icing by Kristian Huselius.
8:51 of 3rd period - Éric Belanger wins face-off versus Kevin Veilleux in Wiprows zone.
9:06 of 3rd period - Snap shot by Eric Tangradi.
9:06 of 3rd period - Shot Misses the Net.
9:36 of 3rd period - Marc-André Gragnani is hit by Thomas Hickey and loses puck.
9:41 of 3rd period - Wrist shot by Matt Beleskey.
9:41 of 3rd period - Shot Misses the Net.
9:43 of 3rd period - Wrist shot by Matt Beleskey.
9:43 of 3rd period - Shot Blocked by Willie Mitchell.
9:49 of 3rd period - Snap shot by Willie Mitchell.
9:49 of 3rd period - Shot Blocked by Matt Beleskey.
9:51 of 3rd period - Slapshot by Milan Bartovic.
9:51 of 3rd period - Shot Misses the Net.
9:53 of 3rd period - Snap shot by Cody McLeod.
9:53 of 3rd period - Shot Blocked by Gord Baldwin.
10:05 of 3rd period - Snap shot by Willie Mitchell.
10:05 of 3rd period - Stopped by Anders Lindback with a rebound.
10:07 of 3rd period - Slapshot by Willie Mitchell.
10:07 of 3rd period - Stopped by Anders Lindback with a rebound.
10:09 of 3rd period - Slapshot by Marc-André Gragnani.
10:09 of 3rd period - Deflect By Nathan Davis.
10:09 of 3rd period - Shot Misses the Net.
10:09 of 3rd period - Puck is out of play.
10:10 of 3rd period - Tim Crowder wins face-off versus Nick Bonino in Wiprows zone.
10:15 of 3rd period - Snap shot by Nathan Davis.
10:15 of 3rd period - Stopped by Anders Lindback with a rebound.
10:17 of 3rd period - Snap shot by Tim Crowder.
10:17 of 3rd period - Shot Misses the Net.
10:19 of 3rd period - Slapshot by Ryan Ellis.
10:19 of 3rd period - Stopped by Anders Lindback with a rebound.
10:21 of 3rd period - Wrist shot by Nathan Davis.
10:21 of 3rd period - Stopped by Anders Lindback with a rebound.
10:35 of 3rd period - Dan Fritsche is hit by Éric Belanger and loses puck.
10:56 of 3rd period - Wrist shot by Mike Sislo.
10:56 of 3rd period - Stopped by Anders Lindback with a rebound.
11:00 of 3rd period - Snap shot by Mike Sislo.
11:00 of 3rd period - Goal by Mike Sislo - Wiprows : 1 - Rafales : 4.
11:01 of 3rd period - Mike Zigomanis wins face-off versus Nick Bonino in neutral zone.
11:28 of 3rd period - Kevin Connauton is hit by Tim Crowder and loses puck.
11:57 of 3rd period - Wrist shot by Dan Fritsche.
11:57 of 3rd period - Shot Misses the Net.
12:09 of 3rd period - Wrist shot by Arturs Kulda.
12:09 of 3rd period - Shot Misses the Net.
12:24 of 3rd period - Icing by Matt Beleskey.
12:25 of 3rd period - Mike Zigomanis wins face-off versus Matt Beleskey in Wiprows zone.
12:53 of 3rd period - Snap shot by Nathan Davis.
12:53 of 3rd period - Stopped by Anders Lindback with a rebound.
13:19 of 3rd period - Snap shot by Dan Fritsche.
13:19 of 3rd period - Stopped by Anders Lindback with a rebound.
13:21 of 3rd period - Snap shot by Dmitry Kulikov.
13:21 of 3rd period - Stopped by Anders Lindback with a rebound.
13:42 of 3rd period - Wrist shot by Kristian Huselius.
13:42 of 3rd period - Deflect By Nick Bonino.
13:42 of 3rd period - Shot Misses the Net.
13:42 of 3rd period - Puck is out of play.
13:43 of 3rd period - Nathan Davis wins face-off versus Éric Belanger in Rafales zone.
13:51 of 3rd period - Éric Belanger is hit by Tim Crowder and loses puck.
13:56 of 3rd period - Slapshot by Ryan Ellis.
13:56 of 3rd period - Stopped by Anders Lindback without a rebound.
13:57 of 3rd period - Éric Belanger wins face-off versus Mike Zigomanis in Wiprows zone.
14:12 of 3rd period - Slapshot by Mike Zigomanis.
14:12 of 3rd period - Deflect By Cody McLeod.
14:12 of 3rd period - Stopped by Anders Lindback without a rebound.
14:13 of 3rd period - Tim Crowder wins face-off versus Nick Bonino in Wiprows zone.
14:14 of 3rd period - Wrist shot by Nathan Davis.
14:14 of 3rd period - Shot Misses the Net.
14:59 of 3rd period - Wrist shot by Nick Bonino.
14:59 of 3rd period - Shot Misses the Net.
15:01 of 3rd period - Slapshot by Gord Baldwin.
15:01 of 3rd period - Stopped by Loïc Lacasse without a rebound.
15:02 of 3rd period - Mike Zigomanis wins face-off versus Éric Belanger in Rafales zone.
15:17 of 3rd period - Snap shot by Jonathan Tremblay.
15:17 of 3rd period - Stopped by Loïc Lacasse without a rebound.
15:18 of 3rd period - Dan Fritsche wins face-off versus Maxime Macenauer in Rafales zone.
15:18 of 3rd period - Dan Fritsche is hit by Tim Conboy.
15:44 of 3rd period - Slapshot by Cody McLeod.
15:44 of 3rd period - Goal by Cody McLeod - Wiprows : 1 - Rafales : 5.
15:45 of 3rd period - Mike Zigomanis wins face-off versus Nick Bonino in neutral zone.
15:52 of 3rd period - Snap shot by Kristian Huselius.
15:52 of 3rd period - Shot Misses the Net.
15:54 of 3rd period - Slapshot by Brendon Nash.
15:54 of 3rd period - Shot Misses the Net.
15:56 of 3rd period - Snap shot by Kristian Huselius.
15:56 of 3rd period - Stopped by Loïc Lacasse with a rebound.
16:10 of 3rd period - Jonathan Tremblay is hit by Nathan Davis.
16:31 of 3rd period - Icing by Maxime Macenauer.
16:32 of 3rd period - Maxime Macenauer wins face-off versus Dan Fritsche in Wiprows zone.
16:34 of 3rd period - Icing by Tim Conboy.
16:35 of 3rd period - Mike Zigomanis wins face-off versus Maxime Macenauer in Wiprows zone.
16:40 of 3rd period - Snap shot by Cody McLeod.
16:40 of 3rd period - Stopped by Anders Lindback without a rebound.
16:41 of 3rd period - Mike Zigomanis wins face-off versus Nick Bonino in Wiprows zone.
17:33 of 3rd period - Maxime Macenauer is hit by Matt Gilroy and loses puck.
17:53 of 3rd period - Off-side.
17:54 of 3rd period - Tim Schaller wins face-off versus Mike Zigomanis in neutral zone.
19:41 of 3rd period - Snap shot by Tim Conboy.
19:41 of 3rd period - Stopped by Loïc Lacasse with a rebound.
Goals for this period are 0 for Wiprows vs 3 for Rafales.
Shots for this period are 9 for Wiprows vs 21 for Rafales.